 Dungeon Crawl Stone Soup version 0.30.1-4-g462c640d31 (webtiles) character file.

Game seed: 5523679752344067014

254 Diggabert the Skirmisher (level 6, -4/37 HPs)
             Began as a Kobold Hunter on Aug 11, 2023.
             Slain by a gnoll
             ... wielding a +0 flail
              (11 damage)
             ... on level 4 of the Dungeon.
             The game lasted 00:06:01 (2401 turns).

Diggabert the Skirmisher (Kobold Hunter)            Turns: 2401, Time: 00:06:02

Health: -4/37      AC:  3    Str:  9    XL:     6   Next: 37%
Magic:  6/6        EV: 15    Int: 16    God:
Gold:   166        SH:  0    Dex: 20    Spells: 5/5 levels left

rFire   . . .        a - +0 shortbow
rCold   . . .        (shield currently unavailable)
rNeg    . . .        c - +0 leather armour
rPois   .            (no helmet)
rElec   .            (no cloak)
rCorr   .            (no gloves)
SInv    .            (no boots)
Will    .....        d - amulet of the acrobat
Stlth   +++          j - ring of flight
HPRegen 0.26/turn    k - +6 ring of intelligence
MPRegen 0.10/turn

%: acrobat
@: flying
A: small, no large weapons, nightstalker 3
a: no special abilities


You were on level 4 of the Dungeon.
You visited 1 branch of the dungeon, and saw 4 of its levels.

You collected 166 gold pieces.

Inventory:

Hand Weapons
 a - a +0 shortbow (weapon)
 h - a +1 dagger of venom
 u - the +5 trident of Dowdy Duty {flame, +Blink rElec rF+}
   (You found it on level 3 of the Dungeon)

   rF:        It protects you from fire.
   rElec:     It insulates you from electricity.
   +Blink:    It lets you blink.
Armour
 c - a +0 leather armour (worn)
 e - a +0 ring mail
Jewellery
 d - an amulet of the acrobat (around neck)
 j - a ring of flight (left hand)
 k - a +6 ring of intelligence (right hand)
Scrolls
 b - a scroll of immolation
 f - a scroll of poison {unknown}
 g - 2 scrolls of fog {unknown}
 i - a scroll of vulnerability {unknown}
 m - 2 scrolls of teleportation {unknown}
 n - a scroll of blinking {unknown}
 p - a scroll of brand weapon {unknown}
 q - a scroll of enchant weapon {unknown}
 s - a scroll of silence {unknown}
Potions
 l - a potion of heal wounds
 o - a potion of lignification
 r - a potion of curing {unknown}
 t - a potion of mutation
 v - 2 potions of flight {unknown}
 w - a potion of invisibility {unknown}


   Skills:
 * Level 3.1 Fighting
 * Level 8.4 Ranged Weapons
 * Level 1.2 Armour
 * Level 3.3 Dodging
 - Level 1.3 Stealth


You had 5 spell levels left.
You didn't know any spells.
Your spell library contained the following spells:

 Spells                   Type           Power      Damage    Failure   Level
 Shock                    Conj/Air       0%         1d3       34%         1
 Sublimation of Blood     Necr           0%         N/A       45%         2
 Wereblood                Tmut           0%         N/A       45%         2
 Gell's Gravitas          Tloc           0%         N/A       71%         3
 Swiftness                Air            0%         N/A       71%         3
 Teleport Other           Tloc           0%         N/A       71%         3
 Airstrike                Air            0%         2d(0-16)  98%         4
 Dispersal                Tloc           0%         N/A       100%        6
 Summon Hydra             Summ           0%         N/A       100%        7


Dungeon Overview and Level Annotations

Branches:
Dungeon (4/15)
 Temple: D:4-7

Altars:


Innate Abilities, Weirdness & Mutations

You are small and have problems with some larger weapons.
You are completely attuned to the shadows.


Message History

Fire: a) +0 shortbow
Press: ? - help, Q - select action Shift-Dir - straight line, f - gnoll
Aim: a gnoll, wielding a +0 halberd (heavily wounded, 70% to hit)
You shoot an arrow. The arrow hits the gnoll.
The gnoll is severely wounded.
The gnoll barely misses you.
Fire: a) +0 shortbow
Press: ? - help, Q - select action Shift-Dir - straight line, f/p - gnoll
Aim: a gnoll, wielding a +0 halberd (severely wounded, 70% to hit)
You shoot an arrow.
The arrow hits the gnoll but does no damage.
The gnoll is severely wounded.
The gnoll hits you from afar with a +0 halberd.
Fire: a) +0 shortbow
Press: ? - help, Q - select action Shift-Dir - straight line, f/p - gnoll
Aim: a gnoll, wielding a +0 halberd (severely wounded, 70% to hit)
You shoot an arrow.
The arrow hits the gnoll but does no damage.
The gnoll is severely wounded.
The gnoll barely misses you.
Fire: a) +0 shortbow
Press: ? - help, Q - select action Shift-Dir - straight line, f/p - gnoll
Aim: a gnoll, wielding a +0 halberd (severely wounded, 70% to hit)
You shoot an arrow. The arrow hits the gnoll.
You kill the gnoll!
Unknown command.
Fire: a) +0 shortbow
Press: ? - help, Q - select action Shift-Dir - straight line, f - gnoll
Aim: a gnoll, wielding a +0 flail (70% to hit)
You shoot an arrow. The arrow hits the gnoll.
The gnoll is lightly wounded.
The gnoll hits you with a +0 flail!
* * * LOW HITPOINT WARNING * * *
Fire: a) +0 shortbow
Press: ? - help, Q - select action Shift-Dir - straight line, f/p - gnoll
Aim: a gnoll, wielding a +0 flail (lightly wounded, 70% to hit)
You shoot an arrow. The arrow hits the gnoll!
The gnoll is severely wounded.
The gnoll hits you with a +0 flail!
You die...

...........#
...........#
...........#
...........####
...............
..)........####
..............#
...........##.#
...........##@#
##.#.########g# #
......... #g##.#
#......... #....#
#......... #).###
#..........g......#
###...........###.###
.......)..... >#
......###### .#


You could see 2 gnolls.

Vanquished Creatures
  Blork the orc (D:4)
  2 hounds (D:4)
  3 gnolls (D:4)
  2 adders
  3 worms (D:2)
  3 orcs
  7 ball pythons
  9 endoplasms
  6 giant cockroaches
  11 goblins
  5 hobgoblins
  2 quokkas
  3 bats
  9 frilled lizards
  4 kobolds
  2 rats
72 creatures vanquished.

Notes
Turn   | Place    | Note
-------+----------+-------------------------------------------
     0 | D:1      | Diggabert the Kobold Hunter began the quest for the Orb.
     0 | D:1      | Reached XP level 1. HP: 12/12 MP: 1/1
   135 | D:1      | Reached XP level 2. HP: 17/17 MP: 2/2
   284 | D:1      | Reached skill level 6 in Ranged Weapons
   516 | D:1      | Reached XP level 3. HP: 21/21 MP: 3/3
   826 | D:2      | Found a faded altar of an unknown god.
  1075 | D:2      | Reached XP level 4. HP: 27/27 MP: 4/4
  1517 | D:3      | Reached skill level 7 in Ranged Weapons
  1769 | D:3      | Identified the +5 trident of Dowdy Duty {flame, +Blink
                  | rElec rF+}
  2264 | D:4      | Reached XP level 5. HP: 31/31 MP: 5/5
  2299 | D:4      | Noticed Blork the orc
  2305 | D:4      | Killed Blork the orc
  2306 | D:4      | Reached skill level 8 in Ranged Weapons
  2306 | D:4      | Reached skill level 1 in Armour
  2306 | D:4      | Reached XP level 6. HP: 29/36 MP: 6/6
  2401 | D:4      | Slain by a gnoll

Illustrated notes

Levels and vault maps discovered:
D:1:      tarquinn_simple_flora_water_a, layout_basic,
          chequers_serial_rivers_marsh
D:2:      layout_rooms, basic_ecumenical_altar, nicolae_elevator_lobby_asterisk
D:3:      layout_basic, minmay_checkerbox
D:4:      layout_basic, grunt_temple_overflow_open, due_unseen_surprise,
          uniq_crazy_yiuf_cottage, uniq_blork_the_orc

Skill      XL: |  1  2  3  4  5  6 |
---------------+-------------------+-----
Ranged Weapons | 6 7 8 |  8.4
Dodging        | 3 |  3.3
Armour         | 1 |  1.2
Fighting       | 3 |  3.1
Stealth        | |  1.3

Action                     |  1- 3 |  4- 6 || total
---------------------------+-------+-------++-------
   Fire: Shortbow          |    94 |    99 ||   193
    Use: Scroll            |       |     3 ||     3
 Armour: Leather armour    |     9 |     8 ||    17
  Dodge: Dodged            |    57 |    42 ||    99
